 Dungeon Crawl Stone Soup version 0.30.0-29-ga12c61a403 (webtiles) character file.

Game seed: 15575679224376208995

407486 feetsoup the Warrior (level 21, -20/181 HPs)
             Began as a Minotaur Fighter on June 12, 2023.
             Was the Champion of Okawaru.
             Demolished by an ironbound frostheart (28 damage)
             ... on level 3 of the Vaults on June 19, 2023.
             The game lasted 05:02:46 (34498 turns).

feetsoup the Warrior (Minotaur Fighter)            Turns: 34498, Time: 05:02:48

Health: -20/181    AC: 27    Str: 34    XL:     21   Next: 70%
Magic:  29/29      EV: 22    Int:  9    God:    Okawaru [******]
Gold:   2313       SH:  5    Dex: 19    Spells: 33/33 levels left

rFire   + . .        N - +9 glaive of Ruliomp {spect, rElec rN+++ Dex-4 Stlth+}
rCold   . . .        (shield currently unavailable)
rNeg    + + +        O - +7 pearl dragon scales "Wirism" {Fly rPois rF+ rN+ Slay+2}
rPois   +            (helmet restricted)
rElec   +            y - +2 cloak
rCorr   +            R - +0 pair of fencer's gloves {Riposte Dex+3}
SInv    .            (no boots)
Will    +....        c - amulet "Xuheh" {Reflect Rampage Dex+2 SH+5}
Stlth   ++           a - ring of Propriety {rCorr Str+2 Dex+4}
HPRegen 1.30/turn    W - ring of Vuchad {*Corrode rN+++ Str+6 Dex+2 Stlth+}
MPRegen 0.21/turn

%: corrode self (3%), reflection, rampage
@: mighty, frozen, flying, slowed, studying 2 skills, very slow
A: horns 2, retaliatory headbutt, hooves 1, frail 1, regeneration 1, subdued
magic 1
}: 4/15 runes: decaying, serpentine, slimy, abyssal
a: Renounce Religion, Heroism, Finesse, Duel


You were on level 3 of the Vaults.
You worshipped Okawaru.
Okawaru was exalted by your worship.
You visited 8 branches of the dungeon, and saw 39 of its levels.
You visited the Abyss 1 time.
You also visited: Sewer, Gauntlet and Ice Cave.

You collected 5393 gold pieces.
You spent 3080 gold pieces at shops.

Inventory:

Hand Weapons
 N - the +9 glaive of Ruliomp (weapon) {spect, rElec rN+++ Dex-4 Stlth+}
   (Okawaru gifted it to you on level 2 of the Lair of Beasts)

   Dex:       It affects your dexterity (-4).
   rElec:     It insulates you from electricity.
   rN:        It renders you almost immune to negative energy.
   Stlth:     It makes you more stealthy.
Missiles
 e - 9 javelins
 x - 12 curare-tipped darts
 C - 2 silver javelins
 F - 2 throwing nets
 H - 20 atropa-tipped darts
 I - a boomerang of dispersal
 L - 46 poisoned darts
 U - 4 datura-tipped darts (quivered)
Armour
 y - a +2 cloak (worn)
 D - a +2 pair of gloves of hurling
 O - the +7 pearl dragon scales "Wirism" (worn) {Fly rPois rF+ rN+ Slay+2}
   (Okawaru gifted it to you on level 2 of the Lair of Beasts)

   Slay:      It affects your accuracy & damage with ranged weapons and melee
   (+2).
   rF:        It protects you from fire.
   rPois:     It protects you from poison.
   rN:        It protects you from negative energy.
   Fly:       It grants you flight.
 R - the +0 pair of fencer's gloves (worn) {Riposte Dex+3}
   (You bought it in a shop on level 3 of the Snake Pit)

   Riposte:   It allows the wearer to riposte with melee weapons, swiftly
   retaliating against missed or blocked melee attacks.
   Dex:       It affects your dexterity (+3).
Jewellery
 a - the ring of Propriety (left hand) {rCorr Str+2 Dex+4}
   (You acquired it on level 14 of the Dungeon)

   [ring of resist corrosion]

   Str:       It affects your strength (+2).
   Dex:       It affects your dexterity (+4).
   rCorr:     It protects you from acid and corrosion.
 c - the amulet "Xuheh" (around neck) {Reflect Rampage Dex+2 SH+5}
   (You bought it in a shop on level 1 of the Vaults)

   [amulet of reflection]

   It reflects blocked missile attacks.
   Dex:       It affects your dexterity (+2).
   SH:        It affects your SH (+5).
   Rampage:   It bestows one free step when moving towards enemies.
 o - a +6 ring of intelligence
 G - a ring of protection from cold
 S - a ring of fire
 W - the ring of Vuchad (right hand) {*Corrode rN+++ Str+6 Dex+2 Stlth+}
   (You found it in a Gauntlet)

   [ring of strength]

   Str:       It affects your strength (+6).
   Dex:       It affects your dexterity (+2).
   rN:        It renders you almost immune to negative energy.
   *Corrode:  It may corrode you when you take damage.
   Stlth:     It makes you more stealthy.
Wands
 p - a wand of mindburst (11)
 q - a wand of iceblast (36)
 t - a wand of quicksilver (44)
 v - a wand of paralysis (59)
 E - a wand of flame (60)
 Z - a wand of digging (5)
Scrolls
 f - a scroll of silence
 j - 11 scrolls of teleportation
 l - 6 scrolls of amnesia
 r - 2 scrolls of blinking
 u - 6 scrolls of fear
 z - 4 scrolls of fog
 Q - 4 scrolls of poison
 V - 3 scrolls of magic mapping
Potions
 d - 8 potions of might
 g - 27 potions of curing
 i - a potion of resistance
 k - 11 potions of heal wounds
 m - 6 potions of cancellation
 n - 2 potions of mutation
 s - 4 potions of invisibility
 w - 3 potions of magic
 B - 5 potions of ambrosia
 M - 3 potions of brilliance
 T - 2 potions of haste
 Y - a potion of berserk rage
Miscellaneous
 K - a piece from Xom's chessboard (15/15)


   Skills:
 - Level 20.5 Fighting
 - Level 14.8(19.1) Axes
 - Level 19.7(21.5) Polearms
 - Level 6.6 Throwing
 - Level 12.5 Armour
 + Level 17.9 Dodging
 - Level 13.0 Shields
 * Level 6.5 Spellcasting
 * Level 6.7 Conjurations
 * Level 7.3 Earth Magic
 - Level 2.4 Invocations
 - Level 12.1 Evocations


You had 33 spell levels left.
You didn't know any spells.
Your spell library contained the following spells:

 Spells                   Type           Power      Damage    Failure   Level
 Magic Dart               Conj           44%        1d5       1%          1
 Sandblast                Erth           24%        2d8       1%          1
 Searing Ray              Conj           22%        2d5       2%          2
 Stone Arrow              Conj/Erth      24%        3d8       4%          3
 Kiss of Death            Conj/Necr      24%        2d7       8%          1
 Passwall                 Tmut/Erth      5%         N/A       11%         2
 Static Discharge         Conj/Air       12%        2-3/arc   12%         2
 Hailstorm                Conj/Ice       6%         3d4       24%         3
 Beastly Appendage        Tmut           4%         N/A       32%         1
 Necrotise                Necr           8%         1d4       32%         1
 Sting                    Tmut/Pois      8%         1d3       32%         1
 Lee's Rapid Deconstruct  Erth           6%         3d6*      41%         5
 Cigotuvi's Dreadful Rot  Necr/Pois/Air  4%         N/A       45%         2
 Lesser Beckoning         Tloc           4%         N/A       45%         2
 Sublimation of Blood     Necr           2%         N/A       45%         2
 Leda's Liquefaction      Hex/Erth       3%         N/A       58%         4
 Fulminant Prism          Conj/Hex       3%         3d5       63%         4
 Iskenderun's Mystic Bla  Conj/Tloc      6%         2d4       63%         4
 Confusing Touch          Hex            2%         N/A       71%         3
 Gell's Gravitas          Tloc           2%         N/A       71%         3
 Ignite Poison            Fire/Tmut/Pois 2%         N/A       71%         3
 Inner Flame              Hex/Fire       2%         N/A       71%         3
 Portal Projectile        Hex/Tloc       4%         N/A       71%         3
 Teleport Other           Tloc           2%         N/A       71%         3
 Vampiric Draining        Necr           2%         2d6       71%         3
 Volatile Blastmotes      Fire/Tloc      4%         2d10      71%         3
 Borgnjor's Vile Clutch   Necr/Erth      3%         N/A       91%         5
 Iron Shot                Conj/Erth      6%         9d2       96%         6
 Airstrike                Air            1%         2d(1-17)  98%         4
 Dispel Undead            Necr           2%         3d7       98%         4
 Ice Form                 Ice/Tmut       2%         N/A       98%         4
 Manifold Assault         Tloc           2%         N/A       98%         4
 Olgreb's Toxic Radiance  Pois           2%         N/A       98%         4
 Passage of Golubria      Tloc           2%         N/A       98%         4
 Freezing Cloud           Conj/Ice/Air   2%         6-21      98%         5
 Agony                    Necr           2%         N/A       100%        5
 Alistair's Intoxication  Tmut/Pois      1%         N/A       100%        5
 Blade Hands              Tmut           1%         N/A       100%        5
 Yara's Violent Unravell  Hex/Tmut       1%         3d3       100%        5
 Conjure Ball Lightning   Conj/Air       3%         3x3d6     100%        6
 Dispersal                Tloc           1%         N/A       100%        6
 Eringya's Noxious Bog    Tmut/Pois      1%         N/A       100%        6
 Starburst                Conj/Fire      3%         6d3       100%        6
 Statue Form              Tmut/Erth      4%         N/A       100%        6
 Enfeeble                 Hex            1%         N/A       100%        7
 Borgnjor's Revivificati  Necr           1%         N/A       100%        8
 Discord                  Hex            1%         N/A       100%        8
 Disjunction              Tloc           1%         N/A       100%        8
 Ignition                 Fire           1%         3d3       100%        8
 Summon Small Mammal      Summ           Unusable   N/A       N/A         1
 Animate Armour           Summ/Erth      Unusable   N/A       N/A         4
 Call Canine Familiar     Summ           Unusable   N/A       N/A         3
 Tukima's Dance           Hex            Unusable   N/A       N/A         3
 Summon Ice Beast         Ice/Summ       Unusable   N/A       N/A         4
 Summon Lightning Spire   Summ/Air       Unusable   N/A       N/A         4
 Simulacrum               Ice/Necr       Unusable   N/A       N/A         6
 Malign Gateway           Summ/Tloc      Unusable   N/A       N/A         7
 Summon Horrible Things   Summ           Unusable   N/A       N/A         8

Dungeon Overview and Level Annotations

Branches:
Dungeon (15/15)            Temple (1/1) D:4            Lair (5/5) D:9
  Swamp (4/4) Lair:2        Snake (4/4) Lair:2        Slime (5/5) Lair:4
    Orc (2/2) D:11            Elf (0/3) Orc:2        Vaults (3/5) D:13
  Crypt (0/3) Vaults:3     Depths (0/4) D:15          Sewer (visited)
  IceCv (visited)         Gauntlet (visited)

Altars:
Ashenzari
Cheibriados
Dithmenos
Elyvilon
Fedhas
Gozag
Hepliaklqana
Kikubaaqudgha
Makhleb
Nemelex Xobeh
Okawaru
Qazlal
Ru
Sif Muna
Trog
Uskayaw
Vehumet
Wu Jian
Xom
Yredelemnul
Zin
The Shining One
Jiyva
Lugonu

Shops:
D:6 [   D:8 *   D:12 [   D:14 ?   Orc:1 [!!(   Orc:2 =(!=   Snake:3 [
Snake:4 *   Vaults:1 =

Portals:
Abyss: Slime:3

Annotations:
D:3 1 runed translucent door, Crazy Yiuf
D:15 Roxanne
Swamp:1 3 runed translucent doors, AlmostDecent's ghost, adept GnIE


Innate Abilities, Weirdness & Mutations

You have a pair of horns on your head.
You reflexively headbutt those who attack you in melee.
You have large cloven feet.
You are frail. (-10% HP)
Your natural rate of healing is unusually fast.
Your spells are a little easier to cast, but a little less powerful.


Message History

The yaktaur is heavily wounded.
Your +9 glaive of Ruliomp {spect, rElec rN+++ Dex-4 Stlth+} hits the yaktaur!
You hear a shout!
The yaktaur misses you. You furiously retaliate!
You headbutt the yaktaur!!
You kill the yaktaur!
Okawaru accepts your kill.
Something hits your +9 glaive of Ruliomp {spect, rElec rN+++ Dex-4 Stlth+}!
Your spectral weapon shares its damage with you!
You swap places.
A vault warden and an ironbound frostheart come into view.
Your +9 glaive of Ruliomp {spect, rElec rN+++ Dex-4 Stlth+} disappears.
The vault warden shouts!
The vault warden activates a sealing rune.
Things that are here:
a +0 arbalest; a yaktaur corpse You closely miss the vault warden.
You headbutt the vault warden.
The vault warden is lightly wounded.
Your +9 glaive of Ruliomp {spect, rElec rN+++ Dex-4 Stlth+} hits the vault warden from afar.
The ironbound frostheart calls freezing cold from the walls.
The frost grips you!!
* * * LOW HITPOINT WARNING * * *
You are encased in ice.
You slash the vault warden! You kick the vault warden.
The vault warden is moderately wounded.
Your +9 glaive of Ruliomp {spect, rElec rN+++ Dex-4 Stlth+} closely misses the vault warden.
The vault warden hits you but does no damage.
Okay, then.
You feel much better.
Your +9 glaive of Ruliomp {spect, rElec rN+++ Dex-4 Stlth+} disappears.
The ice encasing you melts away.
The ironbound frostheart calls freezing cold from the walls.
The frost grips you!!
* * * LOW HITPOINT WARNING * * *
You are encased in ice.
The vault warden hits you with a +0 great sword!!
* * * LOW HITPOINT WARNING * * *
The ironbound frostheart touches you!
* * * LOW HITPOINT WARNING * * *
The ironbound frostheart freezes you!!
You die...

.#.....# #......#*******,*
.'.....# #......# *,,,,,,*
+#.....# #......# *,,,,,,*
,#..#### #......* *,,,,,,*
,#.....# *.....,* *,,,,,,*
,#.....# *,...,,* *,,,,,,*
,#.....######+######+#*****
,####..#....)))))....#
,#.....#...†.###@....#
,+.#.#.+.....#.pp....#
,#.....#...###.###...#
*#..####....)#.*,,..$#
#..,,,+.#####*****#.#
#..*,,#..,,,*,,,,,,.#
*#.,,,,#.#**********,#
,****,,#..,*,*,,,,,,,*
,*,,,,,#..,*,*****,,,*


You could see a vault warden and an ironbound frostheart.

Vanquished Creatures
  the Royal Jelly (Slime:5)
  Dissolution (Slime:4)
  Jory (Vaults:2)
  A bone dragon (Vaults:3)
  An Ice Fiend (IceCv)
  A tentacled monstrosity (Swamp:4)
  21 acid blobs
  A quicksilver dragon (Abyss:3)
  Frances (Snake:1)
  2 sphinxes
  2 thorn hunters
  Kirke (Snake:1)
  A draconian monk (Abyss:3)
  4 fenstrider witches (Swamp:4)
  4 nagarajas
  16 azure jellies
  11 rockslimes
  5 vault wardens
  Louise (Snake:4)
  A cacodemon (Abyss:3)
  9 ironbound preservers
  An orc warlord (Vaults:1)
  3 ironbound thunderhulks
  3 war gargoyles
  15 quicksilver oozes
  A stone giant (Vaults:2)
  2 very ugly things (Vaults:2)
  Nessos (D:13)
  6 eleionomae
  3 lorocyprocas (Abyss:3)
  6 bunyips
  A deep elf annihilator (D:11)
  A minotaur (Gauntlet)
  A blizzard demon (Swamp:4)
  A green death (Swamp:4)
  A crystal guardian (Vaults:3)
  2 entropy weavers (Vaults:1)
  2 yaktaur captains (Vaults:1)
  A shambling mangrove (Swamp:4)
  9 hydras
  8 great orbs of eyes
  8 salamander tyrants
  A caustic shrike simulacrum (IceCv)
  9 vault guards
  3 peacekeepers
  Erolcha (Orc:2)
  3 ogre magi
  3 catoblepae (Lair:5)
  5 boulder beetles
  2 ghost crabs
  10 centaur warriors
  4 ironbound frosthearts
  2 spriggan air magi (Swamp:4)
  9 alligators
  20 anacondas
  A death knight (D:14)
  7 two-headed ogres
  15 naga warriors
  A tengu warrior (D:13)
  6 death yaks (Lair:5)
  An orc high priest (Orc:1)
  A titan zombie (Abyss:3)
  A thrashing horror (Abyss:3)
  11 shock serpents
  Nergalle (Orc:2)
  8 naga sharpshooters
  14 skeletal warriors
  8 salamander mystics
  2 sixfirhies (Swamp:4)
  4 goliath frogs (Swamp:1)
  29 deep trolls
  2 death drakes (Swamp:4)
  5 bog bodies
  2 spriggan druids (Swamp:4)
  A deep elf archer (D:13)
  8 naga ritualists
  7 spriggan simulacra (IceCv)
  An obsidian statue (IceCv)
  A phantasmal warrior (D:14)
  6 deep elf pyromancers
  5 ironbound convokers
  15 mana vipers
  2 lindwurms (Vaults:2)
  3 wizards
  A necromancer (D:15)
  3 orc knights
  A deep elf zephyrmancer (Swamp:4)
  4 will-o-the-wisps (Swamp:4)
  2 harpies (Vaults:1)
  A wolf spider (D:15)
  14 orc sorcerers
  35 salamanders
  8 manticores
  18 ugly things
  9 cyclopes
  2 draconians (Abyss:3)
  20 elephants
  2 shining eyes (Slime:5)
  An apocalypse crab (Abyss:3)
  10 guardian serpents
  Maurice (D:8)
  A guardian serpent (shapeshifter) (Vaults:2)
  Joseph (D:7)
  37 black mambas
  13 vault sentinels
  5 eyes of devastation
  A torpor snail (Gauntlet)
  17 naga magi
  A gargoyle (D:13)
  14 cane toads
  An orange demon (Swamp:4)
  A cane toad (shapeshifter) (D:13)
  2 centaur skeletons (D:15)
  29 yaktaurs
  11 ice devils
  11 komodo dragons
  3 kobold demonologists (D:9)
  5 freezing wraiths
  An efreet (D:15)
  An unseen horror (D:11)
  An anaconda simulacrum (IceCv)
  2 tengu conjurers
  A golden dragon simulacrum (IceCv)
  3 meliai (Gauntlet)
  8 trolls
  15 tyrant leeches
  3 hellwings (Swamp:4)
  12 blink frogs
  A raiju (Abyss:3)
  11 dream sheep (Lair:5)
  2 centaur simulacra (D:15)
  104 slime creatures
  A shadow (D:10)
  54 yaks
  2 vampires
  5 wraiths
  4 wyverns
  2 humans
  4 basilisks
  3 chaos spawn (Swamp:4)
  6 hogs (Snake:1)
  11 golden eyes
  2 neqoxecs (Swamp:4)
  3 redbacks (Vaults:1)
  3 steam dragons
  5 vampire mosquitoes
  A large abomination (Abyss:3)
  3 harpy simulacra (IceCv)
  12 minotaur simulacra (IceCv)
  A redback (shapeshifter) (D:11)
  An acid dragon (D:13)
  35 nagas
  22 water moccasins
  12 swamp worms
  A swamp drake (Swamp:2)
  18 orc warriors
  2 ice beasts
  A sky beast (D:7)
  8 ogres
  3 black bears
  2 alligator simulacra (IceCv)
  3 ettin simulacra (IceCv)
  9 wolves
  6 centaurs
  A phantom (D:7)
  4 kobold brigands
  11 bullfrogs
  A small abomination (Abyss:3)
  A gnoll sergeant (D:6)
  8 scorpions
  6 deep troll simulacra (IceCv)
  2 lindwurm simulacra (IceCv)
  22 killer bees
  5 howler monkeys
  8 electric eels
  2 lava snakes (Lair:2)
  3 jellies
  5 hounds
  10 orc priests
  2 sleepcaps
  3 gnoll boudas
  12 human skeletons (Vaults:2)
  4 iguanas
  37 orc wizards
  7 hell rats (Lair:2)
  17 adders
  20 gnolls
  6 shadow imps
  5 white imps
  An ufetubus (D:8)
  2 worms (D:2)
  3 dart slugs
  73 orcs
  14 bats
  20 endoplasms
  4 giant cockroaches
  9 goblins
  5 hobgoblins
  11 jackals
  19 kobolds
  2 quokkas
  5 ball pythons
  3 frilled lizards
  7 rats
1477 creatures vanquished.

Vanquished Creatures (collateral kills)
  2 harpies (Vaults:1)
2 creatures vanquished.

Vanquished Creatures (others)
  A salamander tyrant (Snake:4)
  A naga sharpshooter (Snake:4)
  An orc wizard (D:7)
  6 foxfires (Swamp:4)
  2 lurking horrors (Slime:3)
  28 spectral weapons
39 creatures vanquished.

Grand Total: 1518 creatures vanquished

Notes
Turn   | Place    | Note
-------+----------+-------------------------------------------
     0 | D:1      | feetsoup the Minotaur Fighter began the quest for the Orb.
     0 | D:1      | Reached XP level 1. HP: 19/19 MP: 0/0
   184 | D:1      | Reached XP level 2. HP: 27/27 MP: 1/1
   285 | D:1      | Reached skill level 4 in Fighting
   370 | D:1      | Reached XP level 3. HP: 33/33 MP: 2/2
   747 | D:1      | Found a faded altar of an unknown god.
  1176 | D:2      | Reached XP level 4. HP: 29/40 MP: 3/3
  1635 | D:3      | Found a white marble altar of Elyvilon.
  1732 | D:3      | Noticed a water moccasin
  1740 | D:3      | Killed a water moccasin
  1741 | D:3      | Reached XP level 5. HP: 16/47 MP: 4/4
  1892 | D:3      | Reached skill level 5 in Fighting
  1892 | D:3      | Reached skill level 5 in Armour
  1892 | D:3      | Reached skill level 5 in Shields
  2035 | D:3      | Found a runed translucent door.
  2036 | D:3      | Noticed Crazy Yiuf
  2599 | D:4      | Reached XP level 6. HP: 50/56 MP: 5/5
  2819 | D:4      | Identified the +9 ring mail "Icwan" {Stlth+}
  2878 | D:4      | Found a staircase to the Ecumenical Temple.
  2897 | Temple   | Entered the Ecumenical Temple
  3047 | Temple   | Became a worshipper of Warmaster Okawaru
  3463 | D:4      | Reached skill level 5 in Axes
  3463 | D:4      | Reached XP level 7. HP: 62/62 MP: 6/6
  3575 | D:5      | Entered Level 5 of the Dungeon
  3662 | D:5      | Found a glowing drain.
  3669 | Sewer    | Entered a sewer
  3742 | Sewer    | Reached skill level 6 in Fighting
  3894 | D:5      | Reached * piety under Okawaru
  4212 | D:5      | Reached XP level 8. HP: 71/71 MP: 7/7
  4490 | D:6      | Gained mutation: Your spells are a little easier to cast,
                  | but a little less powerful. [potion of mutation]
  4490 | D:6      | Gained mutation: You have large cloven feet. [potion of
                  | mutation]
  4490 | D:6      | Gained mutation: Your natural rate of healing is unusually
                  | fast. [potion of mutation]
  4511 | D:6      | Reached skill level 7 in Fighting
  4713 | D:6      | Reached ** piety under Okawaru
  5113 | D:6      | Found Thor's Dragon-Slaying Spoils.
  5278 | D:7      | Reached XP level 9. HP: 80/81 MP: 8/8
  5316 | D:7      | Reached skill level 8 in Fighting
  5406 | D:7      | Reached *** piety under Okawaru
  5433 | D:7      | Noticed Joseph
  5444 | D:7      | Killed Joseph
  5445 | D:7      | Reached skill level 10 in Axes
  5819 | D:7      | Got Jast's Grimoire of Reformed Sidekicks
  6069 | D:8      | Reached skill level 9 in Fighting
  6073 | D:8      | Noticed Maurice
  6081 | D:8      | Killed Maurice
  6106 | D:8      | Found a hide-covered altar of Uskayaw.
  6137 | D:8      | Found a sparkling altar of Nemelex Xobeh.
  6151 | D:8      | Reached **** piety under Okawaru
  6167 | D:8      | Received a gift from Okawaru
  6262 | D:8      | Reached XP level 10. HP: 91/91 MP: 9/9
  6313 | D:8      | Received a gift from Okawaru
  6355 | D:8      | Noticed a two-headed ogre
  6363 | D:8      | Killed a two-headed ogre
  6725 | D:8      | Found Kidaiq's General Store.
  6732 | D:8      | Bought a scroll of blinking for 105 gold pieces
  6732 | D:8      | Bought a scroll of teleportation for 42 gold pieces
  7032 | D:9      | Found a staircase to the Lair.
  7160 | D:9      | Noticed a smoke demon
  7166 | D:9      | Reached ***** piety under Okawaru
  7167 | D:9      | Reached skill level 10 in Fighting
  7167 | D:9      | Reached skill level 10 in Shields
  7424 | D:9      | Found a bloodstained altar of Trog.
  7481 | D:9      | Found a burning altar of Makhleb.
  8161 | Lair:1   | Entered Level 1 of the Lair of Beasts
  8161 | Lair:1   | Noticed a cane toad
  8174 | Lair:1   | Killed a cane toad
  8228 | Lair:1   | Reached XP level 11. HP: 101/101 MP: 10/10
  8229 | Lair:1   | Received a gift from Okawaru
  8270 | Lair:1   | Reached skill level 11 in Fighting
  9056 | Lair:2   | Identified the +9 glaive of Ruliomp {spect, rElec rN+++
                  | Dex-4 Stlth+} (Okawaru gifted it to you on level 2 of the
                  | Lair of Beasts)
  9056 | Lair:2   | Received a gift from Okawaru
  9064 | Lair:2   | Reached skill level 1 in Polearms
  9185 | Lair:2   | Found a staircase to the Snake Pit.
  9294 | Lair:2   | Reached skill level 12 in Fighting
  9405 | Lair:2   | Reached skill level 5 in Polearms
  9408 | Lair:2   | Reached ****** piety under Okawaru
  9412 | Lair:2   | Identified the +7 pearl dragon scales "Wirism" {Fly rPois
                  | rF+ rN+ Slay+2} (Okawaru gifted it to you on level 2 of the
                  | Lair of Beasts)
  9412 | Lair:2   | Received a gift from Okawaru
  9566 | Lair:2   | Found a staircase to the Swamp.
  9572 | Lair:2   | Reached XP level 12. HP: 111/112 MP: 11/11
 10550 | Lair:4   | Noticed a seven-headed hydra
 10556 | Lair:4   | Killed an eight-headed hydra
 10557 | Lair:4   | Reached skill level 13 in Fighting
 10904 | Lair:4   | Reached skill level 10 in Polearms
 11099 | Lair:4   | Found a staircase to the Slime Pits.
 11100 | Lair:4   | Found a viscous altar of Jiyva.
 11143 | Lair:4   | Identified the +1 robe "Alero" {rCorr Int+3} (Okawaru
                  | gifted it to you on level 4 of the Lair of Beasts)
 11143 | Lair:4   | Received a gift from Okawaru
 11567 | Lair:5   | Entered Level 5 of the Lair of Beasts
 11660 | Lair:5   | Reached XP level 13. HP: 123/123 MP: 12/12
 11715 | Lair:5   | Reached skill level 14 in Fighting
 12210 | Lair:5   | Received a gift from Okawaru
 12434 | Lair:5   | Identified the +0 ring mail of Torole Duyx {Drain +Blink
                  | rC- Dex+6}
 13261 | D:10     | Entered Level 10 of the Dungeon
 13612 | D:10     | Identified the +6 spear of Innocence {elec, rN++ Int-2 SInv
                  | Stlth+} (Okawaru gifted it to you on level 10 of the
                  | Dungeon)
 13612 | D:10     | Received a gift from Okawaru
 14044 | D:11     | Reached skill level 1 in Throwing
 14053 | D:11     | Noticed a deep elf annihilator
 14057 | D:11     | Killed a deep elf annihilator
 14058 | D:11     | Reached skill level 15 in Fighting
 14058 | D:11     | Reached XP level 14. HP: 131/135 MP: 13/13
 14103 | D:11     | Reached skill level 10 in Armour
 14208 | D:11     | Identified the +3 scale mail of Resilience {rElec rF- rN+}
                  | (Okawaru gifted it to you on level 11 of the Dungeon)
 14208 | D:11     | Received a gift from Okawaru
 14631 | D:11     | Found a staircase to the Orcish Mines.
 14843 | Orc:1    | Entered Level 1 of the Orcish Mines
 14843 | Orc:1    | Found Ekhet's Distillery.
 14862 | Orc:1    | Found Wuepsobo's Antique Armour Boutique.
 15101 | Orc:1    | Reached skill level 15 in Polearms
 15364 | Orc:1    | Found Abliuhan's Weapon Emporium.
 15394 | Orc:1    | Found Otaoneof's Distillery.
 15564 | Orc:2    | Entered Level 2 of the Orcish Mines
 15596 | Orc:2    | Found a staircase to the Elven Halls.
 15905 | Orc:2    | Paralysed by an orc sorcerer for 2 turns
 15947 | Orc:2    | Found a radiant altar of Vehumet.
 15947 | Orc:2    | Noticed Erolcha
 16092 | Orc:2    | Killed Erolcha
 16100 | Orc:2    | Found Quhutays's Jewellery Shoppe.
 16115 | Orc:2    | Noticed Nergalle
 16125 | Orc:2    | Killed Nergalle
 16126 | Orc:2    | Found an ancient bone altar of Kikubaaqudgha.
 16395 | Orc:2    | Found Cuzu's Distillery.
 16403 | Orc:2    | Found Pagig's Antique Weapon Emporium.
 16416 | Orc:2    | Found Efixipuf's Jewellery Emporium.
 16431 | Orc:2    | Bought a potion of heal wounds for 80 gold pieces
 16431 | Orc:2    | Bought a potion of heal wounds for 80 gold pieces
 16726 | D:12     | Received a gift from Okawaru
 16773 | D:12     | Reached skill level 5 in Throwing
 16805 | D:12     | Reached skill level 16 in Fighting
 16884 | D:12     | Reached XP level 15. HP: 144/144 MP: 14/14
 17020 | D:12     | Found Aqyworho's Antique Armour Shop.
 17088 | D:12     | Identified the +13 crystal plate armour of Hopscotch {rElec
                  | Stlth+} (Okawaru gifted it to you on level 12 of the
                  | Dungeon)
 17088 | D:12     | Received a gift from Okawaru
 17440 | D:13     | Found a transporter.
 17440 | D:13     | Found a transporter.
 17664 | D:13     | Found a gate to the Vaults.
 17742 | D:13     | Found a gate leading to a gauntlet.
 17751 | Gauntlet | Entered a Gauntlet
 17751 | Gauntlet | Found a transporter.
 17751 | Gauntlet | Found a transporter.
 17751 | Gauntlet | Found a runed translucent door.
 17753 | Gauntlet | Found a transporter.
 17755 | Gauntlet | Found a runed translucent door.
 17756 | Gauntlet | Found a transporter.
 17757 | Gauntlet | Found a transporter.
 17757 | Gauntlet | Found a transporter.
 17789 | Gauntlet | Found a transporter.
 17793 | Gauntlet | Found a transporter.
 17799 | Gauntlet | Found a runed translucent gate.
 17799 | Gauntlet | Found a runed translucent gate.
 17799 | Gauntlet | Found a runed translucent gate.
 17801 | Gauntlet | Found a transporter.
 17816 | Gauntlet | Found a runed translucent door.
 17817 | Gauntlet | Found a transporter.
 17818 | Gauntlet | Found a runed translucent door.
 17831 | Gauntlet | Found a transporter.
 17835 | Gauntlet | Found a transporter.
 17946 | Gauntlet | Got the Annotations on the Coals and Allies
 17964 | Gauntlet | Identified the ring of Vuchad {*Corrode rN+++ Str+6 Dex+2
                  | Stlth+}
 18006 | Gauntlet | Identified the ring of Ophutid {Fly rN+ Str+4 SInv}
 18023 | Gauntlet | Got the Omnibus of Transmigration
 18322 | D:13     | Identified the +2 pair of boots of Magic {rPois Regen+
                  | Int+5} (Okawaru gifted it to you on level 13 of the
                  | Dungeon)
 18322 | D:13     | Received a gift from Okawaru
 18521 | D:13     | Noticed Nessos
 18537 | D:13     | Killed Nessos
 19094 | D:14     | Reached skill level 1 in Dodging
 19109 | D:14     | Identified a scroll of acquirement
 19390 | Abyss:3  | Noticed a green draconian monk
 19390 | Abyss:3  | Found a corrupted altar of Lugonu.
 19390 | Abyss:3  | Cast into level 3 of the Abyss (a wizard)
 19400 | Abyss:3  | Killed a green draconian monk
 19421 | Abyss:3  | Noticed a quicksilver dragon
 19428 | Abyss:3  | Killed a quicksilver dragon
 19439 | Abyss:3  | Found a transporter.
 19440 | Abyss:3  | Got an abyssal rune of Zot
 19467 | D:14     | Escaped the Abyss
 19529 | D:14     | Reached skill level 17 in Fighting
 19767 | D:14     | Found Kecwej's Magic Scroll Boutique.
 19772 | D:14     | Bought a scroll of identify for 32 gold pieces
 19772 | D:14     | Bought a scroll of blinking for 120 gold pieces
 19772 | D:14     | Bought a scroll of acquirement for 832 gold pieces
 19775 | D:14     | Acquired 865 gold pieces
 19778 | D:14     | Acquired the ring of Propriety {rCorr Str+2 Dex+4}
 19921 | D:15     | Entered Level 15 of the Dungeon
 19942 | D:15     | Reached skill level 5 in Dodging
 19947 | D:15     | Reached XP level 16. HP: 155/155 MP: 15/15
 19956 | D:15     | Received a gift from Okawaru
 20162 | D:15     | Received a gift from Okawaru
 20362 | D:15     | Identified Roxanne's Vellum of the Cwm
 20362 | D:15     | Noticed Roxanne
 20447 | D:15     | Found a staircase to the Depths.
 20519 | D:15     | Received a gift from Okawaru
 20844 | Swamp:1  | Entered Level 1 of the Swamp
 20852 | Swamp:1  | Noticed a thorn hunter
 20859 | Swamp:1  | Noticed AlmostDecent's ghost (adept GnIE)
 20862 | Swamp:1  | Noticed a tentacled monstrosity
 20865 | Swamp:1  | Noticed a tentacled monstrosity
 20879 | Swamp:1  | Found a runed translucent gate.
 20879 | Swamp:1  | Found a runed translucent gate.
 20879 | Swamp:1  | Found a runed translucent gate.
 21850 | Swamp:3  | Noticed a thorn hunter
 21866 | Swamp:3  | Killed a thorn hunter
 21866 | Swamp:3  | Received a gift from Okawaru
 22363 | Swamp:4  | Entered Level 4 of the Swamp
 22369 | Swamp:4  | Received a gift from Okawaru
 22446 | Swamp:4  | Reached skill level 1 in Evocations
 22453 | Swamp:4  | Reached skill level 18 in Fighting
 22565 | Swamp:4  | Noticed a thorn hunter
 22579 | Swamp:4  | Killed a thorn hunter
 22593 | Swamp:4  | Paralysed by a fenstrider witch for 3 turns
 22599 | Swamp:4  | Received a gift from Okawaru
 22601 | Swamp:4  | Reached XP level 17. HP: 105/163 MP: 16/16
 22602 | Swamp:4  | Reached skill level 10 in Dodging
 22606 | Swamp:4  | Received a gift from Okawaru
 22725 | Swamp:4  | Identified the +1 gold dragon scales of Okhafaics {Drain
                  | +Blink rPois rF+ rC+ rCorr Str+4} (Okawaru gifted it to you
                  | on level 4 of the Swamp)
 22725 | Swamp:4  | Received a gift from Okawaru
 22748 | Swamp:4  | Paralysed by a fenstrider witch for 2 turns
 22790 | Swamp:4  | Noticed a tentacled monstrosity
 22799 | Swamp:4  | Killed a tentacled monstrosity
 22806 | Swamp:4  | Got a decaying rune of Zot
 23231 | Snake:1  | Entered Level 1 of the Snake Pit
 23287 | Snake:1  | Identified the +0 chain mail "Gecronk" {Contam rF++ Int+4}
 23305 | Snake:1  | Reached skill level 5 in Evocations
 23367 | Snake:1  | Noticed Frances
 23382 | Snake:1  | Killed Frances
 23680 | Snake:1  | Noticed Kirke
 23694 | Snake:1  | Killed Kirke
 24000 | Snake:2  | Received a gift from Okawaru
 24099 | Snake:2  | Received a gift from Okawaru
 24109 | Snake:2  | Found a frozen archway.
 24116 | IceCv    | Entered an ice cave
 24435 | IceCv    | Reached XP level 18. HP: 174/174 MP: 16/18
 24697 | IceCv    | Noticed an Ice Fiend
 24716 | IceCv    | Killed an Ice Fiend
 24717 | IceCv    | Reached skill level 19 in Fighting
 25048 | Snake:2  | Reached XP level 19. HP: 182/182 MP: 19/19
 25730 | Snake:3  | Found Viacuurr's Antique Armour Emporium.
 26143 | Snake:3  | Received a gift from Okawaru
 26834 | Snake:4  | Entered Level 4 of the Snake Pit
 26910 | Snake:4  | Reached skill level 10 in Evocations
 26947 | Snake:4  | Identified the +4 chain mail of Loss {rF+} (Okawaru gifted
                  | it to you on level 4 of the Snake Pit)
 26947 | Snake:4  | Received a gift from Okawaru
 26977 | Snake:4  | Identified the +0 quarterstaff "Grim" {heavy, Str+8 Int+3
                  | Dex-3 SInv}
 27226 | Snake:4  | Noticed Louise
 27233 | Snake:4  | Reached skill level 15 in Dodging
 27238 | Snake:4  | Killed Louise
 27405 | Snake:4  | Found Unua's Assorted Antiques.
 27435 | Snake:4  | Bought a potion of ambrosia for 248 gold pieces
 27764 | Snake:4  | Reached skill level 20 in Fighting
 27908 | Snake:4  | Got a serpentine rune of Zot
 28232 | Snake:3  | Bought the +0 pair of fencer's gloves {Riposte Dex+3} for
                  | 800 gold pieces
 28232 | Snake:3  | Found the +0 pair of fencer's gloves {Riposte Dex+3}
 28402 | Slime:1  | Entered Level 1 of the Pits of Slime
 28412 | Slime:1  | Reached XP level 20. HP: 193/193 MP: 20/20
 28517 | Slime:1  | Received a gift from Okawaru
 29538 | Slime:3  | Found a one-way gate to the infinite horrors of the Abyss.
 29538 | Slime:3  | Found a corrupted altar of Lugonu.
 29995 | Slime:4  | Noticed Dissolution
 30002 | Slime:4  | Paralysed by a floating eye for 4 turns
 30008 | Slime:4  | Killed Dissolution
 30009 | Slime:4  | Reached skill level 1 in Conjurations
 30009 | Slime:4  | Reached skill level 1 in Earth Magic
 30095 | Slime:4  | Paralysed by a great orb of eyes for 5 turns
 30287 | Slime:4  | Found a viscous altar of Jiyva.
 30322 | Slime:5  | Entered Level 5 of the Pits of Slime
 30402 | Slime:5  | Received a gift from Okawaru
 30464 | Slime:5  | Identified the +0 robe of Levity {+Inv rPois Will- rCorr}
                  | (Okawaru gifted it to you on level 5 of the Pits of Slime)
 30464 | Slime:5  | Received a gift from Okawaru
 30473 | Slime:5  | Gained mutation: You are frail. (-10% HP) [a shining eye]
 30496 | Slime:5  | Paralysed by a great orb of eyes for 3 turns
 30582 | Slime:5  | Found a viscous altar of Jiyva.
 30587 | Slime:5  | Found the ring of the Hare {EV+10}
 30664 | Slime:5  | Noticed the Royal Jelly
 30673 | Slime:5  | Killed the Royal Jelly
 30800 | Slime:5  | Got a slimy rune of Zot
 30900 | Slime:5  | Identified the ring "Aptax" {Ice rPois Str+3}
 31353 | Vaults:1 | Entered Level 1 of the Vaults
 31442 | Vaults:1 | Reached skill level 1 in Spellcasting
 31519 | Vaults:1 | Reached skill level 5 in Earth Magic
 31711 | Vaults:1 | Reached XP level 21. HP: 164/181 MP: 23/23
 31981 | Vaults:1 | Found Qozuaba's Jewellery Emporium.
 31984 | Vaults:1 | Bought the amulet "Xuheh" {Reflect Rampage Dex+2 SH+5} for
                  | 741 gold pieces
 32206 | Vaults:1 | Reached skill level 5 in Conjurations
 33099 | Vaults:2 | Noticed Jory
 33108 | Vaults:2 | Killed Jory
 33258 | Vaults:2 | Identified the scarf of the Game Afoot {+Inv, Will+}
                  | (Okawaru gifted it to you on level 2 of the Vaults)
 33258 | Vaults:2 | Received a gift from Okawaru
 33297 | Vaults:2 | Reached skill level 5 in Spellcasting
 33655 | Vaults:2 | Identified the +1 chain mail "Ruijotio" {Str+2}
 33720 | Vaults:2 | Got Sif Muna's Catalogue of the Panacea and Necromantic
                  | Rituals
 34095 | Vaults:2 | Identified the +6 arbalest of Ignis's Delight {elec, rF++}
 34427 | Vaults:3 | Found a staircase to the Crypt.
 34478 | Vaults:3 | Paralysed by a sphinx for 2 turns
 34498 | Vaults:3 | HP: 8/181 [ironbound frostheart (7)]
 34498 | Vaults:3 | Demolished by an ironbound frostheart

Illustrated notes

Levels and vault maps discovered:
D:1:      minmay_arrival_shattered_statue, layout_loops_ring,
          ebering_ecumenical_altar_hall
D:2:      layout_loops_ring
D:3:      layout_loops_cross, elyvilon_altar_1, uniq_crazy_yiuf_cottage
D:4:      layout_basic, minmay_temple_entry_large_hall
D:5:      layout_basic, gup_sewer_entry_bubbles, kennysheep_generic_room_11
D:6:      layout_basic, nicolae_shop_dragon_depot, nrook_mini_backslash,
          grunt_decor_resistance, minmay_circle_x
D:7:      old_forge, layout_basic, uniq_joseph
D:8:      layout_loops_corners, nicolae_overflow_squiral, serial_demonic,
          serial_demonic_a, serial_demonic_b, serial_demonic_f,
          serial_demonic_f, serial_shops, nicolae_shop_just_a_little_nook,
          uniq_maurice
D:9:      layout_loops_corners, bloody_trog, lightli_temple_of_fire,
          david_lair_shrubbed
D:10:     layout_irregular_city, minivault_11
D:11:     nzn_winding_woodlands_large [nzn_winding_woodlands_5x5_checkerboard,
          nzn_winding_woodlands_5x15_concentric,
          nzn_winding_woodlands_5x5_closed_star,
          nzn_winding_woodlands_center_lodge,
          nzn_winding_woodlands_15x15_killbox,
          nzn_winding_woodlands_center_triple_pond,
          nzn_winding_woodlands_5x5_open_star,
          nzn_winding_woodlands_5x15_parted,
          nzn_winding_woodlands_5x5_perimeter], layout_rooms,
          minmay_orc_entry_temple_small
D:12:     layout_loops_ring, serial_shops, nicolae_shop_hallway_stairs,
          hangedman_decor_peaks_small, kennysheep_small_square
D:13:     minmay_polygon_palace, layout_irregular_city,
          grunt_vaults_entry_fortified, gauntlet_entry_generic,
          nicolae_diode_stairs, uniq_nessos
D:14:     layout_basic, minmay_misc_feat_tower, serial_shops, shop
D:15:     grunt_enter_depths_magical_seal, layout_loops_cross, uniq_roxanne
Temple:   minmay_crystal_spiral_temple
Lair:1:   layout_gridlike, infiniplex_staircase_pool_2
Lair:2:   layout_gridlike, minmay_swamp_entry_worms,
          nicolae_snake_entry_warm_welcome, serial_bayou_shore_a
Lair:3:   layout_chaotic_city
Lair:4:   layout_cave_pods, slime_entry_1, grunt_megastairs_3,
          infiniplex_staircase_pool
Lair:5:   evilmike_catoblepas_cave, layout_misc_corridors
Swamp:1:  layout_falls_marsh, gammafunk_ghost_split,
          evilmike_swamp_ruin_house_4, swamp_pool1
Swamp:2:  layout_basic_swamp, nicolae_swamp_oxbows
Swamp:3:  layout_basic_swamp, evilmike_swamp_ruin_rubble_1
Swamp:4:  nzn_swamp_witches_coven, layout_basic_swamp, swamp_pool2
Snake:1:  layout_onion, st_stairs_7, uniq_kirke, uniq_frances
Snake:2:  layout_misc_corridors, portal_ice_cave_entry_pillars_three
Snake:3:  layout_cave_town, nicolae_take_the_stairs,
          nicolae_snake_scaly_snakehead
Snake:4:  grunt_snake_rune_pools, layout_cave_town, serial_shops, shop,
          uniq_louise
Slime:1:  cheibrodos_slime_lost_civilization_3, layout_caves
Slime:2:  layout_caves, nicolae_slime_welcoming_committee
Slime:3:  cheibrodos_slime_lost_civilization_9, layout_caves,
          amcnicky_altar_lugonu_corruption
Slime:4:  layout_caves, basic_altar, dissolution_awaits
Slime:5
Orc:1:    layout_diamond_mine, serial_shops, shop, nicolae_shop_rolling_square,
          nicolae_shop_crystal, nicolae_shop_rolling_square, rock_pile
Orc:2:    kennysheep_orc_mage_school, layout_caves, nicolae_orc_damp_corner
Vaults:1: v_misc_17, hangedman_vaults_stream, vaults_mumra_chevron, v_misc_18,
          v_misc_4, nicolae_vaults_house_2, grunt_vaults_swirl,
          nicolae_vaults_house_1, layout_vaults_chaotic_city, serial_shops,
          nicolae_shop_real_fake_doors
Vaults:2: nicolae_vaults_shelves_hall, nicolae_vaults_storage_closets_3,
          nicolae_vaults_angled_halls, nicolae_vaults_storage_closets_2,
          nicolae_vaults_storage_closets_1, nicolae_vaults_tetromino_Z_1,
          nicolae_vaults_trapezoid_lopsided_1, nicolae_vaults_circle_grid_b,
          nicolae_vaults_octothorpe, nicolae_vaults_octagons,
          nicolae_vaults_closet_pinwheel_4, nicolae_vaults_yaktaur_gun_rack,
          nicolae_vaults_diamond_1, dpeg_vaults_monster_row,
          vaults_dpeg_diagonal, layout_vaults_ring, uniq_jory
Vaults:3: nicolae_vaults_bisected_slash, minmay_crypt_entry_nasty_monster,
          nicolae_vaults_double_plus_2, hangedman_vaults_stagger,
          nicolae_vaults_octothorpe, hangedman_vaults_cutoff,
          nicolae_vaults_network_star, vaults_room_glass_cross,
          nicolae_vaults_tetromino_Z_1, nicolae_vaults_trapezoid_lopsided_4,
          nicolae_vaults_network_s, ontoclasm_vaults_bender,
          hangedman_vaults_hat, layout_vaults_omnibox, enter_trove_6,
          serial_shops, bzr_entry_dummy

Skill      XL: |  1  2  3  4  5  6  7  8  9 10 11 12 13 14 15 16 17 18 19 20 21 |
---------------+----------------------------------------------------------------+-----
Shields        | 4 5 6 7 9 10 12 13 | 13.0
Fighting       | 4 5 6 7 9 10 12 13 15 16 17 18 19 20 | 20.5
Axes           | 3 4 5 6 9 11 13 14 | 14.8
Armour         | 4 5 7 9 11 12 | 12.5
Polearms       | 5 10 14 16 18 19 | 19.7
Throwing       | 1 5 6 |  6.6
Dodging        | 5 9 12 13 15 17 | 17.9
Evocations     | 2 7 8 11 12 | 12.1
Invocations    | 2 |  2.4
Conjurations   | 4 6 |  6.7
Earth Magic    | 5 7 |  7.3
Spellcasting   | 2 6 |  6.5

Action                     |  1- 3 |  4- 6 |  7- 9 | 10-12 | 13-15 | 16-18 | 19-21 || total
---------------------------+-------+-------+-------+-------+-------+-------+-------++-------
  Melee: War axe           |    81 |    81 |   254 |   190 |       |       |       ||   606
         Headbutt          |    11 |     9 |    32 |    65 |    74 |   102 |   225 ||   518
         Kick              |       |       |    50 |    71 |    96 |   153 |   313 ||   683
         Glaive            |       |       |       |   152 |   587 |   519 |   872 ||  2130
  Throw: Stone             |       |     7 |       |     6 |     3 |       |       ||    16
         Dart              |       |       |       |     6 |    16 |     2 |    11 ||    35
         Javelin           |       |       |       |       |     1 |     1 |     1 ||     3
 Invoke: Heroism           |       |       |       |       |       |       |     2 ||     2
         Finesse           |       |       |       |       |       |       |     1 ||     1
  Evoke: Wand              |       |       |     2 |     5 |     4 |    56 |     3 ||    70
    Use: Scroll            |     8 |     3 |     5 |     6 |    14 |     4 |     7 ||    47
         Potion            |       |     1 |     1 |     1 |     6 |     7 |    10 ||    26
   Stab: Sleeping          |       |       |     2 |     3 |       |     1 |     7 ||    13
         Paralysed         |       |       |     3 |       |       |       |       ||     3
         Distracted        |       |       |       |     5 |     5 |     7 |    17 ||    34
         Petrifying        |       |       |       |       |     2 |       |       ||     2
 Armour: Scale mail        |    33 |     8 |       |       |       |       |       ||    41
         Ring mail         |       |    22 |   132 |    89 |       |       |       ||   243
         Pearl dragon scal |       |       |       |    26 |   160 |   225 |   250 ||   661
  Dodge: Dodged            |    48 |    29 |   144 |    96 |   142 |   239 |   378 ||  1076
  Block: Buckler           |    25 |    24 |    66 |    46 |       |       |       ||   161
         Other             |       |       |       |       |       |       |    15 ||    15
         Reflection        |       |       |       |       |       |       |     4 ||     4
Riposte: Glaive            |       |       |       |       |       |       |    46 ||    46
